 Dungeon Crawl Stone Soup version 0.27-a0-1273-gec92ba881d (webtiles) character file.

Game seed: 6851570424999125775

27243 karkarkar the Severer (level 13, -1/118 HPs)
             Began as a Minotaur Berserker on June 11, 2021.
             Was an Elder of Trog.
             Shot with a bolt by an orc knight (10 damage)
             ... on level 2 of the Orcish Mines.
             The game lasted 01:01:37 (18537 turns).

karkarkar the Severer (Minotaur Berserker)         Turns: 18537, Time: 01:01:38

Health: -1/118     AC: 21    Str: 32    XL:     13   Next: 3%
Magic:  12/12      EV: 14    Int:  7    God:    Trog [****..]
Gold:   1064       SH:  0    Dex: 17    Spells: 12/12 levels left

rFire    + . .     SeeInvis +   R - +5 broad axe "Peodal" {vorpal, +Rage Fly Dex+3 Stlth+}
rCold    x . .     Faith    .   (no shield)
rNeg     . . .     Spirit   .   B - +0 plate armour
rPois    .         Reflect  .   O - +2 hat {SInv}
rElec    .         Harm     .   e - +1 cloak
rCorr    .         Rampage  .   (no gloves)
Will     .....                  o - +0 pair of boots
Stlth    ..........             (no amulet)
HPRegen  0.29/turn              t - +6 ring of strength
MPRegen  0.13/turn              H - ring "Muukeopp" {Fire Int+3 Dex+3}

@: flying
A: horns 2, retaliatory headbutt
a: Renounce Religion, Evoke Berserk Rage, Berserk, Trog's Hand, Brothers in Arms


You were on level 2 of the Orcish Mines.
You worshipped Trog.
Trog was greatly pleased with you.
You visited 2 branches of the dungeon, and saw 14 of its levels.
You also visited: Sewer.

You collected 1064 gold pieces.

Inventory:

Hand Weapons
 s - a +1 dire flail of draining
 x - a +4 battleaxe
 E - a +0 scimitar of flaming
 R - the +5 broad axe "Peodal" (weapon) {vorpal, +Rage Fly Dex+3 Stlth+}
   (Trog gifted it to you on level 12 of the Dungeon)

   It inflicts extra damage upon your enemies.
   It affects your dexterity (+3).
   It grants you flight.
   It lets you go berserk.
   It makes you more stealthy.
Missiles
 a - 2 datura-tipped darts (quivered)
 u - 2 throwing nets
 z - 6 curare-tipped darts
Armour
 e - a +1 cloak (worn)
 o - a +0 pair of boots (worn)
 B - a +0 plate armour (worn)
 O - a +2 hat of see invisible (worn)
 Q - +0 acid dragon scales
Jewellery
 t - a +6 ring of strength (left hand)
 F - a +6 ring of strength
 H - the ring "Muukeopp" (right hand) {Fire Int+3 Dex+3}
   (You found it on level 10 of the Dungeon)

   [ring of fire]

   It enhances your fire magic.
   It affects your intelligence (+3).
   It affects your dexterity (+3).
   It protects you from fire.
   It makes you vulnerable to cold.
 P - a +4 ring of protection
Wands
 c - a wand of paralysis (10)
 f - a wand of flame (32)
 p - a wand of iceblast (27)
 y - a wand of mindburst (14)
 D - a wand of acid (17)
 J - a wand of polymorph (11)
Scrolls
 d - a scroll of holy word
 h - 6 scrolls of teleportation
 i - 4 scrolls of fog
 r - 3 scrolls of silence
 A - a scroll of enchant armour {unknown}
 K - a scroll of magic mapping {unknown}
 L - a scroll of blinking {unknown}
 M - a scroll of enchant weapon {unknown}
 N - a scroll of identify
Potions
 b - 3 potions of magic
 g - a potion of lignification {unknown}
 j - 3 potions of attraction
 k - 3 potions of invisibility
 l - a potion of haste
 m - 2 potions of curing
 n - 2 potions of heal wounds {unknown}
 q - 2 potions of flight
 v - a potion of ambrosia {unknown}
 C - a potion of mutation {unknown}
Miscellaneous
 G - a tin of tremorstones (2/2)
 I - a phantom mirror


   Skills:
 + Level 12.1 Fighting
 * Level 16.1 Axes
 + Level 11.2 Armour
 + Level 11.3 Dodging
 - Level 2.0 Stealth
 - Level 2.9 Shields
 - Level 0.1 Evocations


You had 12 spell levels left.
You didn't know any spells.
Your spell library was empty.

Dungeon Overview and Level Annotations

Branches:
Dungeon (12/15)            Temple (0/1) D:7            Lair (0/6) D:11
    Orc (2/2) D:12          Sewer (visited)
    Elf: Orc:2

Altars:
Cheibriados
Elyvilon
Fedhas
Hepliaklqana
Makhleb
Okawaru
Sif Muna
Trog
Vehumet
The Shining One
Beogh


Innate Abilities, Weirdness & Mutations

You have a pair of horns on your head.
You reflexively headbutt those who attack you in melee.


Message History

Your ogre goes berserk!
The orc warrior misses you. The orc warrior closely misses you.
As you read the scroll of teleportation, it crumbles to dust.
You feel strangely unstable.
Your ogre hits the orc warrior with a +0 giant club!
The orc warrior hits you but does no damage.
The orc warrior hits your ogre with a +0 halberd!
Your ogre hits the orc warrior with a +0 giant club!!
The orc warrior dies!
Trog accepts your kill.
Items here: $ ) [ †.
The orc warrior hits you from afar with a +0 glaive.
* * * LOW HITPOINT WARNING * * *
Your skin stops crawling.
You feel less strong-willed.
Your ogre hits the orc warrior with a +0 giant club!
An orc comes into view. It is wielding a +0 flail.
The orc warrior closely misses you.
Your ogre closely misses the orc warrior.
Your surroundings suddenly seem different.
The orc warrior shouts!
You hear a shout!
You hear a shout!
You hear a shout!
You hear a shout!
You hear a shout!
You are too injured to fight recklessly!
You slice the orc warrior!!
You kill the orc warrior!
Trog accepts your kill.
Things that are here:
a +0 war axe; a +1 chain mail of cold resistance The orc knight shouts!
The orc knight unwields a +0 great sword.
The orc knight wields a +0 arbalest.
The orc knight shoots a bolt.
The bolt closely misses you.
The orc knight shoots a bolt.
The bolt hits you.
* * * LOW HITPOINT WARNING * * *
The orc knight shoots a bolt.
The bolt barely misses you.
The orc knight shoots a bolt.
The bolt hits you!
You die...

#.....................##
#................)).)..#
+###........##............##
...........###)....##......##
+###..............##........##
#...............##........#
#..#.....#.....###.......##
#........##....#........##
####....##.###..@.........##
.........### ##............#
........## #.......#.#.##
######### ##......#####
###....o...## #.#.........##
##.)..........##
###..............####
#.....)...........#.##


You could see an orc knight.

Vanquished Creatures
  Gastronok (D:12)
  Erolcha (D:10)
  Harold (D:7)
  3 hydras
  Erica (D:9)
  3 two-headed ogres
  An orc knight (Orc:2)
  An orc sorcerer (Orc:1)
  An ugly thing (D:11)
  8 centaur zombies
  A cyclops (D:12)
  The ghost of TODO the Covert, a novice SpBr of Gozag (D:7)
  A gargoyle (D:11)
  A kobold demonologist (D:12)
  2 unseen horrors (D:11)
  5 trolls
  6 slime creatures (D:12)
  3 shadows
  2 wraiths
  24 yaks
  2 wyverns
  Eustachio (D:6)
  A steam dragon (D:8)
  7 vampire mosquitoes (D:12)
  8 wargs
  2 acid dragons (D:12)
  A water moccasin (D:9)
  17 orc warriors
  2 sky beasts
  A black bear (D:5)
  2 ogres
  8 centaurs
  8 kobold brigands
  Blork the orc (D:6)
  2 bullfrogs
  2 gnoll sergeants
  A scorpion (D:4)
  3 killer bees (D:9)
  8 wights
  5 howler monkeys
  An electric eel (D:12)
  2 jellies (D:7)
  2 hounds (D:4)
  11 orc priests
  A bullfrog skeleton (D:7)
  3 iguanas
  10 orc wizards
  2 howler monkey zombies
  7 gnolls
  A howler monkey skeleton (D:5)
  5 adders
  A shadow imp (D:8)
  An ufetubus (D:5)
  5 worms
  3 dart slugs
  77 orcs
  6 ball pythons
  6 endoplasms
  3 giant cockroaches
  6 goblins
  7 hobgoblins
  10 jackals
  9 quokkas
  14 bats
  2 frilled lizards
  20 kobolds
  4 rats
368 creatures vanquished.

Vanquished Creatures (collateral kills)
  An ettin (D:12)
  An orc knight (Orc:2)
  A warg (Orc:2)
  An orc warrior (Orc:2)
4 creatures vanquished.

Vanquished Creatures (others)
  An orc priest (Orc:1)
  3 plants
4 creatures vanquished.

Grand Total: 376 creatures vanquished

Notes
Turn   | Place    | Note
-------+----------+-------------------------------------------
     0 | D:1      | karkarkar the Minotaur Berserker began the quest for the
                  | Orb.
     0 | D:1      | Reached XP level 1. HP: 19/19 MP: 0/0
   222 | D:1      | Found a faded altar of an unknown god.
   332 | D:1      | Reached XP level 2. HP: 25/27 MP: 1/1
   381 | D:1      | Reached skill level 4 in Axes
  1094 | D:2      | Reached XP level 3. HP: 31/33 MP: 2/2
  1153 | D:2      | Reached ** piety under Trog
  2403 | D:3      | Reached XP level 4. HP: 41/41 MP: 3/3
  2951 | D:4      | Found a glowing drain.
  2975 | Sewer    | Entered a sewer
  3364 | Sewer    | Reached *** piety under Trog
  3365 | Sewer    | Reached skill level 5 in Axes
  3738 | D:4      | Reached skill level 1 in Stealth
  3887 | D:4      | Noticed a scorpion
  3902 | D:4      | Killed a scorpion
  3903 | D:4      | Reached skill level 1 in Shields
  3903 | D:4      | Reached XP level 5. HP: 35/47 MP: 4/4
  4288 | D:4      | Found a blossoming altar of Fedhas.
  4722 | D:4      | Reached XP level 6. HP: 55/55 MP: 5/5
  4858 | D:4      | Found a faded altar of an unknown god.
  4860 | D:4      | Found a hazy altar of Hepliaklqana.
  4871 | D:4      | Reached skill level 5 in Fighting
  5102 | D:5      | Entered Level 5 of the Dungeon
  5253 | D:5      | Reached skill level 6 in Axes
  5480 | D:5      | Reached skill level 7 in Axes
  5480 | D:5      | Reached skill level 5 in Dodging
  5480 | D:5      | Reached XP level 7. HP: 57/62 MP: 6/6
  5698 | D:5      | Found a radiant altar of Vehumet.
  5723 | D:5      | Found an iron altar of Okawaru.
  5929 | D:6      | Noticed Eustachio
  5942 | D:6      | Killed Eustachio
  5943 | D:6      | Reached XP level 8. HP: 63/70 MP: 7/7
  6041 | D:6      | Noticed Blork the orc
  6054 | D:6      | Killed Blork the orc
  6055 | D:6      | Reached skill level 8 in Axes
  6432 | D:6      | Found a shimmering blue altar of Sif Muna.
  6882 | D:7      | Identified the +5 dagger of Taxation {drain, Dex+4}
  7003 | D:7      | Found a glowing golden altar of the Shining One.
  7293 | D:7      | Reached skill level 9 in Axes
  7483 | D:7      | Reached skill level 5 in Armour
  7773 | D:7      | Found a staircase to the Ecumenical Temple.
  7786 | D:7      | Noticed Harold
  7803 | D:7      | Killed Harold
  7804 | D:7      | Reached skill level 10 in Axes
  7804 | D:7      | Reached XP level 9. HP: 27/79 MP: 8/8
  7991 | D:7      | Found a large runed translucent door.
  7994 | D:7      | Found a large runed translucent door.
  8175 | D:7      | Noticed TODO's ghost (novice SpBr)
  8205 | D:7      | Killed TODO's ghost
  8843 | D:8      | Reached skill level 11 in Axes
  8898 | D:8      | Reached **** piety under Trog
  9649 | D:9      | Identified the +0 leather armour of Qecebb {rF- rCorr
                  | Int+3}
  9735 | D:9      | Reached XP level 10. HP: 90/90 MP: 9/9
 10034 | D:9      | Noticed Erica
 10053 | D:9      | Killed Erica
 10054 | D:9      | Reached skill level 12 in Axes
 10494 | D:9      | Found a bloodstained altar of Trog.
 10854 | D:10     | Entered Level 10 of the Dungeon
 11037 | D:10     | Identified the ring "Muukeopp" {Fire Int+3 Dex+3}
 11046 | D:10     | Found a white marble altar of Elyvilon.
 11383 | D:10     | Noticed Erolcha
 11399 | D:10     | Killed Erolcha
 11400 | D:10     | Reached skill level 13 in Axes
 11400 | D:10     | Reached XP level 11. HP: 69/99 MP: 10/10
 12068 | D:10     | Found a burning altar of Makhleb.
 12068 | D:10     | Found a snail-covered altar of Cheibriados.
 12103 | D:11     | Noticed a two-headed ogre
 12108 | D:11     | Killed a two-headed ogre
 12109 | D:11     | Reached skill level 10 in Fighting
 12138 | D:11     | Noticed a two-headed ogre
 12138 | D:11     | Noticed an eight-headed hydra
 12543 | D:10     | Killed a seven-headed hydra
 12624 | D:11     | Found a staircase to the Lair.
 12917 | D:11     | Noticed a purple ugly thing
 12922 | D:11     | Killed a purple ugly thing
 13071 | D:11     | Reached skill level 14 in Axes
 13545 | D:11     | Reached skill level 10 in Dodging
 13575 | D:11     | Killed a two-headed ogre
 14192 | D:12     | Noticed a two-headed ogre
 14212 | D:12     | Killed a two-headed ogre
 14213 | D:12     | Reached XP level 12. HP: 96/110 MP: 11/11
 14279 | D:12     | Reached skill level 10 in Armour
 14607 | D:12     | Noticed a six-headed hydra
 14617 | D:12     | Killed a two-headed hydra
 14632 | D:12     | Noticed Gastronok
 14655 | D:12     | Killed Gastronok
 14656 | D:12     | Reached skill level 15 in Axes
 15129 | D:12     | Reached ***** piety under Trog
 15442 | D:12     | Found a staircase to the Orcish Mines.
 15609 | D:12     | Identified the +5 broad axe "Peodal" {vorpal, +Rage Fly
                  | Dex+3 Stlth+} (Trog gifted it to you on level 12 of the
                  | Dungeon)
 15609 | D:12     | Received a gift from Trog
 15680 | D:12     | Noticed an eight-headed hydra
 15691 | D:12     | Killed a four-headed hydra
 16724 | Orc:1    | Entered Level 1 of the Orcish Mines
 16737 | Orc:1    | Noticed an ettin
 16779 | D:12     | Killed an ettin
 17255 | Orc:1    | You are sucked into a shaft and drop 1 floor!
 17255 | Orc:2    | Entered Level 2 of the Orcish Mines
 18248 | Orc:2    | Reached skill level 16 in Axes
 18423 | Orc:2    | Reached XP level 13. HP: 46/118 MP: 12/12
 18537 | Orc:2    | Shot with a bolt by an orc knight

Illustrated notes

Levels and vault maps discovered:
D:1:      psy_arrival_radial02, layout_loops_cross,
          shapermc_ecumenical_altar_mp_urbaneastern
D:2:      layout_loops_ring
D:3:      layout_basic, st_stairs_8
D:4:      layout_loops_corners, kennysheep_mini,
          beargit_hepliaklqana_dungeon_heroes, portal_sewer_entry_f
D:5:      layout_cave_pools, kennysheep_okawaru_gauntlet, kennysheep_little_box
D:6:      layout_basic, nicolae_overflow_hidden_temple, uniq_eustachio,
          uniq_blork_the_orc
D:7:      layout_rooms, marbit_many_paths, minmay_temple_entry_hall,
          ebering_ghost_disaster_area, uniq_harold
D:8:      layout_basic
D:9:      layout_layer_cave, trog_book, uniq_erica
D:10:     layout_irregular_city, elyvilon_altar_3,
          gammafunk_temple_overflow_wave, chequers_hall_statues_y,
          blue_anna_alchemist, uniq_erolcha
D:11:     layout_roguey, erik_lair_orcish_takeover, gauntlet_entry_generic,
          minmay_misc_feat_rows
D:12:     layout_layer_cave, erik_orc_3, minivault_4, uniq_gastronok
Orc:1:    layout_diamond_mine, special_room [special_room_orc]
Orc:2:    st_orc_town, layout_diamond_mine, mines1_david

Skill      XL: |  1  2  3  4  5  6  7  8  9 10 11 12 |
---------------+-------------------------------------+-----
Fighting       | 4 5 6 7 8 9 11 12 | 12.1
Axes           | 4 5 7 10 11 13 14 16 | 16.1
Dodging        | 3 5 6 7 9 10 11 | 11.3
Stealth        | 1 2 |  2.0
Shields        | 1 2 |  2.9
Armour         | 3 5 6 8 9 11 | 11.2
Evocations     | |  0.1

Action                   |  1- 3 |  4- 6 |  7- 9 | 10-12 | 13-15 || total
-------------------------+-------+-------+-------+-------+-------++-------
Melee: Hand axe          |    95 |   146 |    24 |       |       ||   265
       Headbutt          |    21 |    24 |    28 |   119 |     2 ||   194
       Battleaxe         |       |       |   102 |   292 |       ||   394
       Scimitar          |       |       |       |    14 |       ||    14
       Broad axe         |       |       |       |   118 |    25 ||   143
Throw: Dart              |       |       |       |     1 |       ||     1
Invok: Trog's Hand       |       |     2 |     3 |     8 |     3 ||    16
       Berserk           |       |     1 |     4 |     4 |       ||     9
       Brothers in Arms  |       |       |       |     3 |     2 ||     5
Evoke: Wand              |       |       |     2 |       |       ||     2
  Use: Scroll            |       |     7 |     3 |     1 |     2 ||    13
       Potion            |       |     3 |       |     5 |     2 ||    10
 Stab: Sleeping          |     1 |     1 |       |       |       ||     2
       Invisible         |       |       |       |     2 |       ||     2
Armor: Animal skin       |    23 |    55 |       |       |       ||    78
       Leather armour    |       |    19 |     7 |       |       ||    26
       Scale mail        |       |       |    28 |       |       ||    28
       Plate armour      |       |       |    31 |   316 |    10 ||   357
Dodge: Dodged            |    53 |   125 |   117 |   298 |    33 ||   626
Block: Buckler           |     9 |    25 |     5 |       |       ||    39
       Rpst.: Scimitar   |       |       |       |     1 |       ||     1

Table legend: (Time is in decaauts)
 A = Elapsed time spent in this place.
 B = Non-inter-level travel time spent in this place.
 C = Inter-level travel time spent in this place.
 D = Time resting spent in this place.
 E = Time spent auto-exploring this place.
 F = Levels seen in this place.
 G = Mean time per level.
                   A        B        C        D        E       F      G
               +--------+--------+--------+--------+--------+-----+--------+
         Total |  18805 |  18684 |    121 |   2844 |  11097 |  15 | 1253.7 |
       Dungeon |  16413 |  16298 |    115 |   2188 |  10420 |  12 | 1367.8 |
  Orcish Mines |   1488 |   1482 |      6 |    449 |    537 |   2 |  744.0 |
         Sewer |    902 |    902 |      0 |    206 |    140 |   1 |  902.0 |
               +--------+--------+--------+--------+--------+-----+--------+

Top non-repeatable levels by time:
    D:12: 2944 daAuts
    D:10: 1843 daAuts
     D:7: 1745 daAuts
     D:9: 1445 daAuts
     D:4: 1413 daAuts
    D:11: 1376 daAuts
     D:3: 1190 daAuts
     D:6: 948 daAuts
     D:1: 934 daAuts
     D:8: 910 daAuts
   Sewer: 902 daAuts
     D:2: 834 daAuts
     D:5: 827 daAuts
   Orc:2: 795 daAuts
   Orc:1: 693 daAuts
